 Dungeon Crawl Stone Soup version 0.28.0-53-g5a82cb258f (webtiles) character file.

Game seed: 12016495409361635444

1 gobodom the Grave Robber (level 1, -4/13 HPs)
             Began as a Vampire Necromancer on June 22, 2022.
             Killed from afar by a dart slug (5 damage)
             ... with a slug dart
             ... on level 1 of the Dungeon.
             The game lasted 00:00:39 (65 turns).

gobodom the Grave Robber (Vampire Necromancer)        Turns: 65, Time: 00:00:41

Health: -4/13      AC:  2    Str:  7    XL:     1   Next: 16%
Magic:  0/3        EV: 12    Int: 17    God:
Gold:   2          SH:  0    Dex: 14    Spells: 3/4 levels left

rFire   . . .      SeeInvis +   (no weapon)
rCold   . . .      Faith    .   (no shield)
rNeg    . . .      Spirit   .   a - +0 robe
rPois   .          Reflect  .   (no helmet)
rElec   .          Harm     .   (no cloak)
rCorr   .          Rampage  .   (no gloves)
Will    .....                   (no boots)
Stlth   ++........              (no amulet)
HPRegen 0.24/turn               (no ring)
MPRegen 0.08/turn               (no ring)

@: very slightly contaminated, healing quickly
A: alive, fangs 3, see invisible, vampiric 1
a: Exsanguinate


You were on level 1 of the Dungeon.
You visited 1 branch of the dungeon, and saw 1 of its levels.

You collected 2 gold pieces.

Inventory:

Armour
 a - a +0 robe (worn)


   Skills:
 + Level 2.1 Dodging
 + Level 3.0 Stealth
 + Level 2.0 Spellcasting
 + Level 4.4 Necromancy


You had 3 spell levels left.
You knew the following spells:

 Your Spells              Type           Power      Damage    Failure   Level
a - Pain                  Necr           64%        1d7       3%          1

Your spell library contained the following spells:

 Spells                   Type           Power      Damage    Failure   Level
 Animate Skeleton         Necr           32%        N/A       3%          1
 Vampiric Draining        Necr           16%        2d7       10%         3
 Gell's Gravitas          Tloc           1%         N/A       50%         3
 Lesser Beckoning         Tloc           1%         N/A       50%         3
 Teleport Other           Tloc           1%         N/A       50%         3
 Animate Dead             Necr           8%         N/A       30%         4
 Agony                    Necr           16%        N/A       65%         5


Dungeon Overview and Level Annotations

Branches:
Dungeon (1/15)

Altars:


Innate Abilities, Weirdness & Mutations

Your natural rate of healing is accelerated.
You have razor-sharp teeth.
You have supernaturally acute eyesight. (SInv)
You are afflicted with vampirism.


Message History

A frilled lizard comes into view.
Found a book of Displacement.
The frilled lizard hisses angrily.
The frilled lizard writhes in agony.
You kill the frilled lizard!
You pick up a book of Displacement and begin reading...
You add the spells Lesser Beckoning, Gell's Gravitas and Teleport Other to your library.
Magic restored.
Found a leather armour.
An endoplasm comes into view.
A dart slug comes into view.
Found 22 arrows.
A rat comes into view.
The dart slug launches a dart at you. The slug dart hits you.
The dart slug briefly extends its eye-stalks.
The dart slug launches a dart at you. The slug dart misses you.
You see here a white potion.
You miscast Pain.
You are very lightly contaminated with residual magic.
Nothing appears to happen.
The rat writhes in agony.
You kill the rat!
The dart slug launches a dart at you. The slug dart misses you.
The dart slug launches a dart at you. The slug dart hits you.
* * * LOW HITPOINT WARNING * * *
You see here a rat corpse.
You are too injured to fight recklessly!
Casting: Pain (safe; 3% risk of failure)
Confirm with . or Enter, or press ? or * to list all spells.
Aiming: Pain (safe; 3% risk of failure)
Press: ? - help, Shift-Dir - straight line, f - dart slug
Aim: a dart slug (chance to affect: 86%)
The dart slug writhes in agony.
The dart slug launches a dart at you. The slug dart hits you.
You die...

....................#
...........##.....###
...........##.....#####
..........##.........#
#.(......##.........#
.###........####.......#
.........!.............#
##.............##.....
#...@.........##.....
##...................
......[.#.............
......w...#.............
..........#......###....
......J...#......# ..
...........####### ..
...........#


You could see a dart slug and an endoplasm (asleep).

Vanquished Creatures
  A frilled lizard (D:1)
  A rat (D:1)
2 creatures vanquished.

Notes
Turn   | Place    | Note
-------+----------+-------------------------------------------
     0 | D:1      | gobodom the Vampire Necromancer began the quest for the
                  | Orb.
     0 | D:1      | Reached XP level 1. HP: 13/13 MP: 3/3
    65 | D:1      | Killed from afar by a dart slug

Illustrated notes

Levels and vault maps discovered:
D:1:      dpeg_arrival_arbitrary_b, layout_basic

Action                   || total
-------------------------++-------
 Cast: Pain              ||     3
Dodge: Dodged            ||     2
